 Dungeon Crawl Stone Soup version 0.28-a0-691-gad6df49e81 (webtiles) character file.

Game seed: 9437844529066909953

15 Irenicus the Digger (level 2, 0/22 HPs)
             Began as a Deep Dwarf Earth Elementalist on Oct 21, 2021.
             Slain by an orc (6 damage)
             ... on level 3 of the Dungeon.
             The game lasted 00:01:31 (215 turns).

Irenicus the Digger (Deep Dwarf Earth Elementalist)  Turns: 215, Time: 00:01:34

Health: 0/22       AC:  2    Str: 11    XL:     2   Next: 34%
Magic:  1/4        EV: 12    Int: 15    God:
Gold:   48         SH:  0    Dex: 13    Spells: 3/4 levels left

rFire   + . .      SeeInvis .   d - +0 club
rCold   + . .      Faith    .   (no shield)
rNeg    . . .      Spirit   .   b - +0 robe
rPois   .          Reflect  .   (no helmet)
rElec   .          Harm     .   e - scarf {rC+ rF+}
rCorr   .          Rampage  .   (no gloves)
Will    .....                   (no boots)
Stlth   ++........              (no amulet)
HPRegen 0.00/turn               (no ring)
MPRegen 0.09/turn               (no ring)

@: no status effects
A: damage resistance, heal wounds, sense surroundings 1, no regeneration
a: Heal Wounds


You were on level 3 of the Dungeon.
You visited 1 branch of the dungeon, and saw 4 of its levels.

You collected 48 gold pieces.


Innate Abilities, Weirdness & Mutations

You are resistant to damage.
You can heal yourself by infusing magical energy.
You passively map a small area around you.
You do not regenerate.


   Skills:
 - Level 2.1 Dodging
 - Level 2.4 Stealth
 - Level 1.7 Spellcasting
 - Level 0.8 Transmutations
 + Level 5.1 Earth Magic


You had 3 spell levels left.
You knew the following spells:

 Your Spells              Type           Power      Damage    Failure   Level
z - Sandblast             Erth           32%        2d9       2%          1

Your spell library contained the following spells:

 Spells                   Type           Power      Damage    Failure   Level
 Passwall                 Tmut/Erth      8%         N/A       10%         2
 Stone Arrow              Conj/Erth      18%        3d8       24%         3
 Petrify                  Tmut/Erth      10%        N/A       54%         4

Inventory:

Hand Weapons
 d - a +0 club (weapon)
Missiles
 c - 14 stones
Armour
 b - a +0 robe (worn)
 e - a scarf of resistance (worn)
Scrolls
 a - a scroll of summoning {unknown}
Potions
 f - a potion of attraction {unknown}
 g - 2 potions of berserk rage {unknown}

Dungeon Overview and Level Annotations

Branches:
Dungeon (4/15)
 Temple: D:4-7

Altars:

* ...#......##..
####o.........., * ,,
#............# , * ,
#.##........# * *
......h>...# #####.#....# ##
#,##.o.# .# * #.###h.# ,..#
* ** #...@..# * ..#
.......#.## J..#
.#####.#.#######...### * , *
*#.#.##........... * , ...
..##[#.....†........
#..r..g*#...................
*
#......#####.#...#####...###
* *... .g......#.### ...#
*#.., ..###....# )S.#*


You could see an orc and a jackal.


Message History

A hobgoblin comes into view.
The orc misses you. The orc barely misses you.
The orc priest casts a cantrip, but nothing happens.
The orc priest looks encouraged for a moment.
There is an open door, spattered with blood here.
Really walk into that teleport trap?
You enter a teleport trap!
The teleport trap disappears.
Your surroundings seem slightly different.
There is a stone staircase leading up here.
You climb upwards.
The jackal barks!
You hear a bark!
The orc closely misses you.
There is a stone staircase leading down here.
The orc hits you with a +2 vampiric dagger.
* * * LOW HITPOINT WARNING * * *
The jackal bites you.
* * * LOW HITPOINT WARNING * * *
An orc comes into view. It is wielding a +0 hand axe.
The jackal misses you.
Casting: Sandblast (safe; 2% risk of failure)
Confirm with . or Enter, or press ? or * to list all spells.
Aiming: Sandblast (safe; 2% risk of failure)
Press: ? - help, Shift-Dir - straight line, f - orc
Aim: an orc, wielding a +2 vampiric dagger (79% to hit)
The blast of sand hits the orc!
You kill the orc!
The orc hits you from afar with a +0 trident!
You die...

Skill      XL: |  1 |
---------------+----+-----
Earth Magic    | 5 |  5.1
Dodging        | |  2.1
Stealth        | |  2.4
Spellcasting   | |  1.7
Transmutations | |  0.8

Action                   || total
-------------------------++-------
Melee: Unarmed           ||    17
       Club              ||     3
 Cast: Sandblast         ||    16
Dodge: Dodged            ||    26

Levels and vault maps discovered:
D:1:      minmay_arrival_checkered_box, layout_loops_ring,
          shapermc_ecumenical_altar_hornbeckon, minmay_pentomino_w4
D:2:      layout_rooms, serial_glass, glass_columns_b, glass_columns_a,
          glass_columns_a, glass_columns_b, glass_columns_a, glass_columns_a,
          feat_on_display, due_unseen_surprise, item_on_display_a,
          hangedman_decor_clover_reticule, grunt_ministairs_10, uniq_sigmund,
          uniq_robin
D:3:      layout_loops_cross, nicolae_overflow_hidden_temple
D:4:      minmay_wonky_spiral, layout_gridville, minmay_temple_entry_ruins,
          serial_park_tiny_1

Notes
Turn   | Place    | Note
-------+----------+-------------------------------------------
     0 | D:1      | Irenicus the Deep Dwarf Earth Elementalist began the quest
                  | for the Orb.
     0 | D:1      | Reached XP level 1. HP: 15/15 MP: 3/3
   100 | D:3      | Noticed an orc priest
   121 | D:3      | Identified a scarf of resistance
   125 | D:3      | Noticed an orc priest
   163 | D:4      | Reached skill level 5 in Earth Magic
   163 | D:4      | Reached XP level 2. HP: 10/22 MP: 1/4
   215 | D:3      | Slain by an orc

Vanquished Creatures
  An adder (D:4)
  An orc (D:3)
  A goblin (D:2)
  A hobgoblin (D:1)
  A kobold (D:4)
  2 quokkas
  A frilled lizard (D:2)
8 creatures vanquished.

Table legend: (Time is in decaauts)
 A = Elapsed time spent in this place.
 B = Non-inter-level travel time spent in this place.
 C = Inter-level travel time spent in this place.
 D = Time resting spent in this place.
 E = Time spent auto-exploring this place.
 F = Levels seen in this place.
 G = Mean time per level.
                   A        B        C        D        E       F      G
               +--------+--------+--------+--------+--------+-----+--------+
         Total |    215 |    215 |      0 |      0 |      0 |   4 |   53.8 |
       Dungeon |    215 |    215 |      0 |      0 |      0 |   4 |   53.8 |
               +--------+--------+--------+--------+--------+-----+--------+

Top non-repeatable levels by time:
     D:3: 70 daAuts
     D:4: 62 daAuts
     D:1: 50 daAuts
     D:2: 32 daAuts

Table legend:
 A = Non-vault XP
 B = Vault XP
 C = Vault XP percentage of total XP
 D = Non-vault monster count
 E = Vault monster count
 F = Vault count percentage of total count
                 A         B        C        D         E       F
            +---------+---------+-------+---------+---------+-------
      Total |      25 |       0 |   0.0 |       8 |       0 |   0.0
            +---------+---------+-------+---------+---------+-------
        D:1 |       2 |       0 |   0.0 |       1 |       0 |   0.0
        D:2 |       5 |       0 |   0.0 |       3 |       0 |   0.0
        D:3 |       5 |       0 |   0.0 |       2 |       0 |   0.0
        D:4 |      13 |       0 |   0.0 |       2 |       0 |   0.0
            +---------+---------+-------+---------+---------+-------
